 Dungeon Crawl Stone Soup version 0.27.0-1-g7a089689b8 (webtiles) character file.

Game seed: 2165346206876845401

44 Sobieck the Grasshopper (level 3, -3/16 HPs)
             Began as a Felid Warper on Aug 11, 2021.
             Slain by an adder (4 damage)
             ... on level 2 of the Dungeon.
             The game lasted 00:05:30 (1270 turns).

Sobieck the Grasshopper (Felid Warper)              Turns: 1270, Time: 00:05:30

Health: -3/16      AC:  1    Str:  8    XL:     3   Next: 41%
Magic:  7/7        EV: 17    Int: 14    God:
Gold:   112        SH:  0    Dex: 15    Spells: 4/6 levels left
                                        Lives:  0   Deaths: 0

rFire    . . .     SeeInvis +     - Unarmed
rCold    . . .     Faith    .   (shield unavailable)
rNeg     . . .     Spirit   .   (armour unavailable)
rPois    .         Reflect  .   (helmet unavailable)
rElec    .         Harm     .   (cloak unavailable)
rCorr    .         Rampage  .   (gloves unavailable)
Will     .....                  (boots unavailable)
Stlth    ++........             (no amulet)
HPRegen  0.05/turn              (no ring)
MPRegen  0.10/turn              (no ring)

@: lethally poisoned (-3 -> -11), quick
A: very small, claws 1, fangs 3, see invisible, speed 1, shaggy fur 1, stealthy
paws, no weapons or thrown items, no armour, multi-lived
a: no special abilities


You were on level 2 of the Dungeon.
You visited 1 branch of the dungeon, and saw 5 of its levels.
You also visited: Ossuary.

You collected 112 gold pieces.


Innate Abilities, Weirdness & Mutations

You have sharp claws.
You have razor-sharp teeth.
You have supernaturally acute eyesight. (SInv)
You cover ground quickly. (Speed+)
You are covered in fur. (AC +1)
Your paws help you pounce on unaware monsters.
You are incapable of wielding weapons or throwing items.
You cannot wear armour.
You gain extra lives every three experience levels.


   Skills:
 - Level 2.0 Fighting
 - Level 3.2 Dodging
 - Level 2.0 Stealth
 * Level 3.5 Unarmed Combat
 - Level 2.0 Spellcasting
 - Level 4.4 Translocations


You had 4 spell levels left.
You knew the following spells:

 Your Spells              Type           Power      Damage    Failure   Level
a - Blink                 Tloc           N/A        N/A       6%          2

Your spell library contained the following spells:

 Spells                   Type           Power      Damage    Failure   Level
 Gell's Gravitas          Tloc           6%         N/A       12%         3
 Lesser Beckoning         Tloc           6%         N/A       12%         3
 Teleport Other           Tloc           13%        N/A       12%         3
 Manifold Assault         Tloc           13%        N/A       73%         5

Inventory:

Scrolls
 a - 2 scrolls of blinking {!r}
 b - 2 scrolls of teleportation {@r4}
 f - 2 scrolls of amnesia {unknown}
 h - a scroll of identify {unknown}
 i - a scroll of fog {unknown}
Potions
 c - a potion of might {unknown}
 d - a potion of curing {unknown}
 e - a potion of invisibility {unknown}
 g - a potion of degeneration {unknown}

Dungeon Overview and Level Annotations

Branches:
Dungeon (5/15)            Ossuary (visited)
 Temple: D:4-7

Altars:
Dithmenos

Annotations:
D:2 Terence
D:4 exclusion: upstairs, Ijyb

######## #......####
#.####.S..##########
#.# ##.#@...........
#.# #...............
#.###...#.....#.#
#......##..##.#
######..........
#..#..###....
########..............
#........#........#...
.####...#...##.###...


You could see an adder.


Message History

Unknown command.
You now have 64 gold pieces (gained 7).
You now have 72 gold pieces (gained 8).
b - 2 scrolls of teleportation {@r4} (gained 1)
You now have 82 gold pieces (gained 10).
You now have 98 gold pieces (gained 16).
Found a stone staircase leading down.
You now have 112 gold pieces (gained 14).
You open the door.
There is an open door here.
Unknown command.
You open the door.
Unknown command.
An adder skeleton comes into view.
Found a shadowy altar of Dithmenos.
There is an open door here.
Danger!
You claw the adder skeleton! The adder skeleton barely misses you.
You scratch the adder skeleton. The adder skeleton barely misses you.
You claw the adder skeleton!
You destroy the adder skeleton!
g - a green potion
There is a shadowy altar of Dithmenos here.
A hobgoblin comes into view.
You see here a scroll labelled BITTUI HICRUI.
Danger!
The hobgoblin shouts!
The hobgoblin closely misses you.
You barely miss the hobgoblin.
The hobgoblin hits you but does no damage.
You scratch the hobgoblin but do no damage.
The hobgoblin misses you.
You claw the hobgoblin!
You kill the hobgoblin!
You see here a hobgoblin corpse.
h - a scroll labelled BITTUI HICRUI A hobgoblin comes into view.
Danger!
The helpless hobgoblin fails to defend itself.
You claw the hobgoblin!
You kill the hobgoblin!
You see here a hobgoblin corpse.
Found a stone staircase leading down.
There is a stone staircase leading down here.
You climb downwards.
You hear the sound of rushing water.
There is an entrance to a sewer on this level.
Hurry and find it before the portal rusts away!
There is a stone staircase leading up here.
i - a scroll labelled GIFAELA SOEDA
There is a stone staircase leading up here.
You climb upwards.
Level annotation: exclusion: upstairs
There is a stone staircase leading down here.
Unknown command.
Okay, then.
Found an escape hatch in the ceiling.
Ijyb the Twisted Goblin comes into view.
She is wielding a +0 dagger and carrying a wand of paralysis (10).
Danger!
Ijyb shouts!
Danger!
An iguana comes into view.
Danger!
There is an escape hatch in the ceiling here.
A mysterious force pulls you upwards. The hatch slams shut behind you.
Unknown command.
A scorpion is nearby!
Danger!
Danger!
Danger!
There is a stone staircase leading up here.
You climb upwards.
Level annotation: Terence The adder bites you.
You are poisoned.
The adder poisons you! The adder barely misses you.
There is a stone staircase leading down here.
Danger!
You scratch the adder but do no damage.
You feel sick. The adder barely misses you.
Unknown command.
You completely miss the adder.
You feel sick. The adder closely misses you.
Unknown command.
You claw the adder!
You feel sick. The adder closely misses you. The adder bites you.
* * * LOW HITPOINT WARNING * * *
Unknown command.
You scratch the adder. The adder barely misses you.
Unknown command.
You miss the adder.
You feel sick. The adder closely misses you.
Unknown command.
You miss the adder.
You feel sick.
You are no longer poisoned.
The adder barely misses you.
Unknown command.
You miss the adder. The adder misses you.
Unknown command.
You closely miss the adder. The adder bites you.
* * * LOW HITPOINT WARNING * * *
You are lethally poisoned!
The adder poisons you! The adder bites you.
You die...

Skill      XL: |  1  2 |
---------------+-------+-----
Stealth        | 1 2 |  2.0
Unarmed Combat | 3 |  3.5
Fighting       | |  2.0
Dodging        | |  3.2
Spellcasting   | |  2.0
Translocations | |  4.4

Action                   || total
-------------------------++-------
Melee: Unarmed           ||    66
       Bite              ||     5
  Use: Scroll            ||     3
 Stab: Sleeping          ||     2
Armor: Skin              ||     6
Dodge: Dodged            ||    56

Levels and vault maps discovered:
D:1:      psy_arrival_conway, layout_rooms, minmay_tripent
D:2:      layout_basic, chequers_serial_rivers_micro_e, uniq_terence,
          uniq_sigmund
D:3:      layout_rooms
D:4:      layout_basic, lemuel_crystal_altar, chequers_ossuary_entry_cave,
          uniq_ijyb
D:5:      layout_cave_pools, portal_sewer_entry_f

Notes
Turn   | Place    | Note
-------+----------+-------------------------------------------
     0 | D:1      | Sobieck the Felid Warper began the quest for the Orb.
     0 | D:1      | Reached XP level 1. HP: 9/9 MP: 4/4
    30 | D:1      | You fall into a shaft and drop 1 floor!
   211 | D:2      | Noticed Terence
   251 | D:3      | Reached skill level 1 in Stealth
   251 | D:3      | Reached XP level 2. HP: 9/13 MP: 6/6
   422 | D:4      | Reached skill level 2 in Stealth
   422 | D:4      | Reached skill level 3 in Unarmed Combat
   437 | D:4      | Found a sand-covered staircase.
   447 | Ossuary  | Entered an ossuary
   470 | Ossuary  | HP: 2/13 [mummy (8)]
   836 | D:4      | Reached XP level 3. HP: 16/16 MP: 7/7
   839 | D:4      | Learned a level 2 spell: Blink
   890 | D:3      | Noticed a scorpion
  1069 | D:4      | Found a shadowy altar of Dithmenos.
  1123 | D:5      | Entered Level 5 of the Dungeon
  1164 | D:4      | Noticed Ijyb
  1268 | D:2      | HP: 4/16 [poisoned by an adder]
  1270 | D:2      | HP: 1/16 [adder (4)]
  1270 | D:2      | Slain by an adder

Vanquished Creatures
  A hound skeleton (D:4)
  2 adders
  An adder skeleton (D:4)
  An endoplasm (D:4)
  3 hobgoblins
  A quokka (D:3)
  2 bats
  A kobold (D:4)
  A rat (D:3)
13 creatures vanquished.

Table legend:
 A = Non-vault XP
 B = Vault XP
 C = Vault XP percentage of total XP
 D = Non-vault monster count
 E = Vault monster count
 F = Vault count percentage of total count
                 A         B        C        D         E       F
            +---------+---------+-------+---------+---------+-------
      Total |      64 |       0 |   0.0 |      13 |       0 |   0.0
            +---------+---------+-------+---------+---------+-------
        D:1 |       1 |       0 |   0.0 |       1 |       0 |   0.0
        D:3 |      18 |       0 |   0.0 |       4 |       0 |   0.0
        D:4 |      45 |       0 |   0.0 |       8 |       0 |   0.0
            +---------+---------+-------+---------+---------+-------

Illustrated notes

Table legend:
 A = Kills in this place as a percentage of kills in entire the game.
 B = Kills by you in this place as a percentage of kills by you in the entire game.
 C = Kills by friends in this place as a percentage of kills by friends in the entire game.
 D = Other kills in this place as a percentage of other kills in the entire game.
 E = Experience gained in this place as a percentage of experience gained in the entire game.
 F = Experience gained in this place divided by the number of levels of this place that you have seen.
                   A       B       C       D       E      F
               +-------+-------+-------+-------+-------+----------------------
         Total | 100.0 | 100.0 |   N/A |   N/A | 100.0 |  10.7
       Dungeon | 100.0 | 100.0 |   N/A |   N/A | 100.0 |  12.8
               +-------+-------+-------+-------+-------+----------------------

Table legend: (Time is in decaauts)
 A = Elapsed time spent in this place.
 B = Non-inter-level travel time spent in this place.
 C = Inter-level travel time spent in this place.
 D = Time resting spent in this place.
 E = Time spent auto-exploring this place.
 F = Levels seen in this place.
 G = Mean time per level.
                   A        B        C        D        E       F      G
               +--------+--------+--------+--------+--------+-----+--------+
         Total |   1133 |   1133 |      0 |    439 |    166 |   6 |  188.8 |
       Dungeon |   1108 |   1108 |      0 |    439 |    166 |   5 |  221.6 |
       Ossuary |     24 |     24 |      0 |      0 |      0 |   1 |   24.0 |
               +--------+--------+--------+--------+--------+-----+--------+

Top non-repeatable levels by time:
     D:4: 667 daAuts
     D:3: 364 daAuts
     D:2: 41 daAuts
     D:1: 26 daAuts
 Ossuary: 24 daAuts
     D:5: 9 daAuts
